 Dungeon Crawl Stone Soup version 0.31.0-7-gf635a9b802 (webtiles) character file.

Game seed: 3183025814611085995

58 Arctor the Shooter (level 4, -6/26 HPs)
             Began as a Kobold Hexslinger on Jan 23, 2024.
             Splashed by a jelly's acid (10 damage)
             ... on level 3 of the Dungeon.
             The game lasted 00:01:57 (1810 turns).

Arctor the Shooter (Kobold Hexslinger)              Turns: 1810, Time: 00:01:57

Health: -6/26      AC:  3    Str:  5    XL:     4   Next: 21%
Magic:  6/6        EV: -2    Int: 14    God:
Gold:   122        SH:  0    Dex: 19    Spells: 4/6 levels left

rFire   . . .        g - +1 war axe (vamp)
rCold   . . .        (no shield)
rNeg    . . .        l - +0 plate armour
rPois   .            (no helmet)
rElec   .            (no cloak)
rCorr   .            s - +0 pair of gloves
SInv    .            (no boots)
Will    .....        (no amulet) Stlth
                     (no ring)
HPRegen 0.24/turn    (no ring)
MPRegen 0.10/turn

%: no passive effects
@: corroded
A: small, no large weapons, nightstalker 3
a: no special abilities


You were on level 3 of the Dungeon.
You visited 1 branch of the dungeon, and saw 3 of its levels.

You collected 122 gold pieces.

Inventory:

Hand Weapons
 a - a +1 sling
 g - a +1 vampiric war axe (weapon)
Armour
 c - a +0 robe
 l - a +0 plate armour (worn)
 s - a +0 pair of gloves (worn)
Wands
 o - a wand of charming (5)
Scrolls
 b - a scroll of poison
 d - a scroll of fear {unknown}
 e - 2 scrolls of butterflies
 i - a scroll of enchant armour {unknown}
 j - a scroll of noise {unknown}
 p - 2 scrolls of identify
 r - a scroll of immolation
Potions
 f - a potion of haste {unknown}
 h - a potion of brilliance {unknown}
 k - a potion of enlightenment {unknown}
 m - a potion of magic {unknown}
 n - a potion of degeneration {unknown}
 q - a potion of might {unknown}


   Skills:
 + Level 2.0 Fighting
 + Level 0.2 Axes
 + Level 3.3 Ranged Weapons
 + Level 0.4 Armour
 - Level 2.9 Dodging
 - Level 1.6 Spellcasting
 - Level 3.2 Hexes
 - Level 1.3 Fire Magic


You had 4 spell levels left.
You knew the following spells:

 Your Spells              Type           Power      Damage    Failure   Level
a - Jinxbite              Hex            20%        N/A       100%        2

Your spell library contained the following spells:

 Spells                   Type           Power      Damage    Failure   Level
 Inner Flame              Hex/Fire       7%         N/A       100%        3
 Sigil of Binding         Hex            10%        N/A       100%        3
 Cause Fear               Hex            5%         N/A       100%        4
 Dimensional Bullseye     Hex/Tloc       2%         N/A       100%        4
 Summon Mana Viper        Hex/Summ       5%         N/A       100%        5
 Monstrous Menagerie      Summ           0%         N/A       100%        7
 Summon Horrible Things   Summ           0%         N/A       100%        8


Dungeon Overview and Level Annotations

Branches:
Dungeon (3/15)

Altars:


Innate Abilities, Weirdness & Mutations

You are small and have problems with some larger weapons.
You are completely attuned to the shadows.


Message History

A kobold is nearby!
You closely miss the kobold. Your punch misses the kobold.
The kobold hits you but does no damage.
A kobold is nearby!
You closely miss the kobold. The kobold hits you but does no damage.
The kobold hits you with a +0 short sword.
You closely miss the kobold. The kobold hits you but does no damage.
A kobold is nearby!
You hit the kobold.
You feel better.
You kill the kobold!
A jelly comes into view.
A jelly is nearby!
Found a scale mail.
The jelly quivers.
The jelly hits you but does no damage.
You see here a +0 short sword.
You barely miss the jelly. The jelly hits you but does no damage.
A jelly is nearby!
You slash the jelly!
Your hands burn!
The jelly is heavily wounded.
The jelly hits you but does no damage. x2
A jelly is nearby!
You hit the jelly. The acid corrodes you!
Your hands burn!
The jelly is almost dead.
The jelly hits you.
You are splashed with acid!
You are too injured to fight recklessly!
You are too injured to fight recklessly!
A jelly is nearby!
You are too injured to fight recklessly!
Unknown command.
You hit the jelly but do no damage.
Your hands burn!
The jelly is almost dead.
The jelly hits you but does no damage. x2
You hit the jelly. The acid corrodes you!
Your hands burn!
* * * LOW HITPOINT WARNING * * *
The jelly is almost dead.
The jelly hits you.
* * * LOW HITPOINT WARNING * * *
You are splashed with acid!
You die...

###### #.....
.....[. #<#
......# #.#
......##. #.#
....J.... #.#
.....@# #.#
##.#.#.###. #.#
#.......... #.#
##...#......
#.#
#.....#####.
#.# #.#..## #.#
#.#..# #.#
#.#..#
#.########<#..#


You could see a jelly.

Vanquished Creatures
  An adder (D:2)
  A dart slug (D:1)
  3 bats (D:1)
  3 endoplasms
  2 giant cockroaches (D:1)
  5 goblins
  5 hobgoblins
  4 jackals (D:1)
  A quokka (D:2)
  5 ball pythons
  2 frilled lizards
  8 kobolds
  4 rats
44 creatures vanquished.

Notes
Turn   | Place    | Note
-------+----------+-------------------------------------------
     0 | D:1      | Arctor the Kobold Hexslinger began the quest for the Orb.
     0 | D:1      | Reached XP level 1. HP: 12/12 MP: 2/2
   113 | D:1      | Reached XP level 2. HP: 7/16 MP: 3/3
   264 | D:1      | Reached XP level 3. HP: 20/20 MP: 5/5
   413 | D:1      | Learned a level 2 spell: Jinxbite
   746 | D:1      | Found a faded altar of an unknown god.
  1333 | D:2      | Reached XP level 4. HP: 19/26 MP: 6/6
  1402 | D:2      | Got Sif Muna's Tome of Support
  1810 | D:3      | Splashed by a jelly's acid

Illustrated notes

Levels and vault maps discovered:
D:1:      eino_arrival_cavern_d, layout_basic,
          dreamdust_ecumenical_altar_hidden_monk_grotto, minivault_23,
          minivault_26, st_stairs_4
D:2:      layout_rooms
D:3:      layout_loops_ring, general_overflow_altar, saegor_snake_ambush,
          uniq_grinder

Skill      XL: |  1  2  3  4 |
---------------+-------------+-----
Ranged Weapons | 3 |  3.3
Fighting       | 2 |  2.0
Axes           | |  0.2
Armour         | |  0.4
Dodging        | |  2.9
Spellcasting   | |  1.6
Hexes          | |  3.2
Fire Magic     | |  1.3

Action                     |  1- 3 |  4- 6 || total
---------------------------+-------+-------++-------
  Melee: War axe           |    97 |    33 ||   130
   Fire: Sling             |     6 |       ||     6
    Use: Scroll            |       |     2 ||     2
   Stab: Sleeping          |     3 |       ||     3
 Armour: Robe              |    44 |       ||    44
         Plate armour      |    36 |    42 ||    78
  Dodge: Dodged            |    88 |       ||    88
